 Dungeon Crawl Stone Soup version 0.30.1-3-gfc49f6343a (webtiles) character file.

Game seed: 8125661297144530432

245 Peloso the Covered (level 5, -4/47 HPs)
             Began as a Minotaur Fighter on July 26, 2023.
             Was an Initiate of Okawaru.
             Slain by a water moccasin (8 damage)
             ... on level 4 of the Dungeon.
             The game lasted 00:05:31 (2679 turns).

Peloso the Covered (Minotaur Fighter)               Turns: 2679, Time: 00:05:31

Health: -4/47      AC:  9    Str: 20    XL:     5   Next: 84%
Magic:  4/4        EV:  8    Int:  5    God:    Okawaru [......]
Gold:   143        SH:  5    Dex: 12    Spells: 4/4 levels left

rFire   . . .        a - +0 long sword
rCold   . . .        d - +0 buckler
rNeg    . . .        c - +0 chain mail
rPois   .            (helmet restricted)
rElec   .            (no cloak)
rCorr   .            (no gloves)
SInv    .            (no boots)
Will    .....        (no amulet) Stlth
                     (no ring)
HPRegen 0.27/turn    (no ring)
MPRegen 0.09/turn

%: no passive effects
@: no status effects
A: horns 2, retaliatory headbutt
a: Renounce Religion


You were on level 4 of the Dungeon.
You worshipped Okawaru.
Okawaru was noncommittal.
You visited 2 branches of the dungeon, and saw 5 of its levels.

You collected 143 gold pieces.

Inventory:

Hand Weapons
 a - a +0 long sword (weapon)
Armour
 b - a +0 scale mail
 c - a +0 chain mail (worn)
 d - a +0 buckler (worn)
Jewellery
 e - a ring of wizardry
Wands
 g - a wand of roots (9)
Scrolls
 h - a scroll of noise {unknown}
 i - a scroll of torment {unknown}
 l - a scroll of fear {unknown}
 m - 2 scrolls of fog
 o - 3 scrolls of poison {unknown}
 p - 4 scrolls of teleportation
 s - a scroll of silence {unknown}
 t - a scroll of blinking {unknown}
 u - a scroll of enchant armour {unknown}
 y - a scroll of identify
Potions
 f - 3 potions of might
 j - 3 potions of degeneration {unknown}
 k - 3 potions of curing
 n - a potion of berserk rage {unknown}
 q - 2 potions of flight {unknown}
 r - a potion of heal wounds {unknown}
 v - a potion of brilliance
 w - 2 potions of haste {unknown}
 x - a potion of resistance {unknown}


   Skills:
 + Level 4.8 Fighting
 + Level 4.9 Long Blades
 + Level 5.0 Armour
 + Level 0.5 Dodging
 + Level 0.4 Stealth
 + Level 4.4 Shields


You had 4 spell levels left.
You didn't know any spells.
Your spell library contained the following spells:

 Spells                   Type           Power      Damage    Failure   Level
 Beastly Appendage        Tmut           0%         N/A       99%         1
 Wereblood                Tmut           0%         N/A       100%        2
 Ozocubu's Armour         Ice            0%         N/A       100%        3
 Spider Form              Tmut/Pois      0%         N/A       100%        3
 Ozocubu's Refrigeration  Ice            0%         4d7       100%        7


Dungeon Overview and Level Annotations

Branches:
Dungeon (4/15)             Temple (1/1) D:4

Altars:
Ashenzari
Cheibriados
Dithmenos
Elyvilon
Fedhas
Hepliaklqana
Kikubaaqudgha
Okawaru
Uskayaw
Vehumet
Wu Jian
Zin
The Shining One

Shops:
D:1 (   D:3 (


Innate Abilities, Weirdness & Mutations

You have a pair of horns on your head.
You reflexively headbutt those who attack you in melee.


Message History

The water moccasin is lightly wounded.
* * * LOW HITPOINT WARNING * * *
You feel very sick. The water moccasin bites you.
* * * LOW HITPOINT WARNING * * *
It was a potion of curing.
You feel better. The water moccasin barely misses you. You furiously retaliate!
You headbutt the water moccasin.
The water moccasin bites you but does no damage.
Unknown command.
You closely miss the water moccasin.
The water moccasin is moderately wounded.
The water moccasin bites you but does no damage.
Unknown command.
You hit the water moccasin.
The water moccasin is moderately wounded.
The water moccasin bites you.
* * * LOW HITPOINT WARNING * * *
The water moccasin bites you but does no damage.
Unknown command.
You closely miss the water moccasin.
The water moccasin is moderately wounded.
The water moccasin bites you.
* * * LOW HITPOINT WARNING * * *
The water moccasin barely misses you.
Unknown command.
You miss the water moccasin.
The water moccasin is moderately wounded.
The water moccasin bites you but does no damage.
The water moccasin completely misses you.
You closely miss the water moccasin.
The water moccasin is moderately wounded.
The water moccasin bites you.
* * * LOW HITPOINT WARNING * * *
You closely miss the water moccasin.
The water moccasin is moderately wounded.
The water moccasin bites you.
* * * LOW HITPOINT WARNING * * *
The water moccasin bites you!
You die...

.........#
.......... .........
.......... ........
.......... .......
......... #....##+##
........ #........#
#..... #........#
#..... #..[.S...#
#..... ##+#.@...#
#####.## #.....#
#+#...#'#
###..#####.......##
##'#.#...........
###...##.........#
#......+.........+ #
#......##.......##
#.#.......#.......#.
#.'.......####'####.


You could see a water moccasin.

Vanquished Creatures
  A scorpion (D:4)
  A jelly (D:4)
  Terence (D:1)
  6 adders
  2 worms
  A dart slug (D:2)
  5 orcs (D:3)
  5 endoplasms
  2 giant cockroaches
  9 goblins
  7 hobgoblins
  3 jackals
  9 kobolds
  6 quokkas
  5 ball pythons
  8 bats
  5 rats
76 creatures vanquished.

Notes
Turn   | Place    | Note
-------+----------+-------------------------------------------
     0 | D:1      | Peloso the Minotaur Fighter began the quest for the Orb.
     0 | D:1      | Reached XP level 1. HP: 19/19 MP: 0/0
    68 | D:1      | Found a faded altar of an unknown god.
   204 | D:1      | Reached XP level 2. HP: 13/27 MP: 1/1
   325 | D:1      | Reached skill level 4 in Armour
   356 | D:1      | Found Feshe's Antique Weapon Emporium.
   886 | D:1      | Reached XP level 3. HP: 32/33 MP: 2/2
   896 | D:2      | Noticed Terence
   915 | D:1      | Killed Terence
  1004 | D:2      | Reached XP level 4. HP: 41/41 MP: 3/3
  1085 | D:2      | Found a snail-covered altar of Cheibriados.
  1807 | D:3      | Found Cupexky's Weapon Emporium.
  1826 | D:3      | Reached XP level 5. HP: 40/47 MP: 4/4
  2300 | D:4      | Found a staircase to the Ecumenical Temple.
  2307 | Temple   | Entered the Ecumenical Temple
  2386 | Temple   | Became a worshipper of Warmaster Okawaru
  2591 | D:4      | Reached skill level 5 in Armour
  2659 | D:4      | Noticed a water moccasin
  2679 | D:4      | Slain by a water moccasin

Illustrated notes

Levels and vault maps discovered:
D:1:      co_arrival_square_in_a_square_in_a_square, layout_basic, serial_shops,
          nicolae_shop_real_fake_doors, shapermc_ecumenical_altar_venn,
          minmay_tromino_v2
D:2:      layout_rooms, basic_altar, minmay_between, uniq_terence
D:3:      layout_loops_ring, serial_shops, nicolae_shop_bloodbath_and_beyond
D:4:      nicolae_cairo_tiling_very_big, layout_basic, minmay_temple_entry_trees
Temple:   mainiacjoe_temple_circle_huts

Skill      XL: |  1  2  3  4  5 |
---------------+----------------+-----
Fighting       | 4 |  4.8
Armour         | 4 5 |  5.0
Shields        | 4 |  4.4
Long Blades    | 3 4 |  4.9
Dodging        | |  0.5
Stealth        | |  0.4

Action                     |  1- 3 |  4- 6 || total
---------------------------+-------+-------++-------
  Melee: Long sword        |    70 |   115 ||   185
         Headbutt          |    12 |    24 ||    36
    Use: Scroll            |     4 |     1 ||     5
         Potion            |       |     1 ||     1
 Armour: Scale mail        |    11 |       ||    11
         Chain mail        |    50 |    59 ||   109
  Dodge: Dodged            |    33 |    39 ||    72
  Block: Buckler           |    27 |    35 ||    62
